 Dungeon Crawl Stone Soup version 0.29.1-1-gd02db6906a (webtiles) character file.

Game seed: 6775861832444326736

126 H0rd4k the Insei (level 5, -2/33 HPs)
             Began as an Octopode Transmuter on Oct 17, 2022.
             Slain by Ijyb
             ... wielding a +0 club
              (7 damage)
             ... on level 3 of the Dungeon.
             The game lasted 00:01:33 (2601 turns).

H0rd4k the Insei (Octopode Transmuter)              Turns: 2601, Time: 00:01:34

Health: -2/33      AC:  1    Str:  9    XL:     5   Next: 9%
Magic:  8/8        EV: 13    Int: 18    God:
Gold:   103        SH:  0    Dex: 12    Spells: 8/9 levels left

rFire   . . .      SeeInvis .     - Unarmed
rCold   . . .      Faith    .   (no shield)
rNeg    . . .      Spirit   .   (helmet currently unavailable)
rPois   .          Reflect  .   (no amulet)
rElec   .          Harm     .   (no ring)
rCorr   .          Rampage  .   (no ring)
Will    .....                   (no ring)
Stlth   +++.......              (no ring)
HPRegen 0.11/turn               (no ring)
MPRegen 0.11/turn               (no ring)
                                (no ring)
                                (no ring)

@: appendages (expiring)
A: tentacle spike 3, almost no armour, amphibious, 8 rings, camouflage 1,
gelatinous body 1, (nimble swimmer 1), tentacles
a: End Transformation


You were on level 3 of the Dungeon.
One of your tentacles had grown a beastly spike.
You visited 1 branch of the dungeon, and saw 3 of its levels.

You collected 103 gold pieces.

Inventory:

Missiles
 j - 4 poisoned darts
Magical Staves
 m - a staff of conjuration
Jewellery
 l - a ring of see invisible
Scrolls
 b - a scroll of immolation {unknown}
 c - 3 scrolls of identify {unknown}
 d - a scroll of teleportation {unknown}
 e - a scroll of butterflies {unknown}
 g - 2 scrolls of amnesia {unknown}
 h - a scroll of magic mapping {unknown}
 i - 3 scrolls of blinking {unknown}
 k - a scroll of enchant weapon {unknown}
Potions
 a - a potion of lignification
 f - a potion of brilliance {unknown}


   Skills:
 + Level 1.0 Fighting
 + Level 2.9 Dodging
 + Level 2.6 Stealth
 + Level 4.1 Unarmed Combat
 + Level 2.6 Spellcasting
 + Level 2.0 Transmutations


You had 8 spell levels left.
You knew the following spells:

 Your Spells              Type           Power      Damage    Failure   Level
a - Beastly Appendage     Tmut           18%        N/A       8%          1

Your spell library contained the following spells:

 Spells                   Type           Power      Damage    Failure   Level
 Wereblood                Tmut           9%         N/A       11%         2
 Spider Form              Tmut/Pois      6%         N/A       32%         3
 Ignite Poison            Fire/Tmut/Pois 4%         N/A       36%         3
 Dazzling Flash           Conj/Hex       4%         N/A       45%         3
 Mephitic Cloud           Conj/Pois/Air  2%         N/A       45%         3
 Ice Form                 Ice/Tmut       6%         N/A       73%         4
 Agony                    Necr           2%         N/A       99%         5
 Freezing Cloud           Conj/Ice/Air   1%         6-21      99%         5
 Silence                  Hex/Air        1%         N/A       99%         5


Dungeon Overview and Level Annotations

Branches:
Dungeon (3/15)

Altars:

Portals:
Sewer: D:3

Annotations:
D:3 Ijyb


Innate Abilities, Weirdness & Mutations

One of your tentacles has grown a beastly spike.
You cannot wear most types of armour.
You are amphibious.
You can wear up to eight rings at the same time.
Your skin changes colour to match your surroundings (Stealth+).
Your rubbery body absorbs attacks. (AC +1, EV +1)
((You are camouflaged when in or above water. (Stealth+)))
You have tentacles for arms and can constrict up to eight enemies at once.


Message History

You barely miss Ijyb.
You pierce Ijyb.
Ijyb is moderately wounded.
You constrict Ijyb. Ijyb barely misses you.
You tentacle-slap Ijyb but do no damage.
You pierce Ijyb.
Ijyb is heavily wounded.
You constrict Ijyb, but do no damage.
Ijyb zaps a wand.
The roots erupt in riotous growth!
The grasping roots grab you!
Ijyb is unaffected.
The grasping roots constrict you.
You hear an angry hiss.
You tentacle-slap Ijyb but do no damage.
Ijyb is heavily wounded.
You constrict Ijyb, but do no damage. Ijyb hits you with a +0 club!
The grasping roots constrict you.
You tentacle-slap Ijyb but do no damage.
You pierce Ijyb.
You squeeze Ijyb, but do no damage.
Ijyb is heavily wounded.
You constrict Ijyb, but do no damage. Ijyb closely misses you.
The grasping roots constrict you.
You tentacle-slap Ijyb but do no damage.
You pierce Ijyb, but do no damage.
You squeeze Ijyb.
Ijyb is severely wounded.
You constrict Ijyb, but do no damage.
A giant cockroach comes into view.
Ijyb hits you with a +0 club.
* * * LOW HITPOINT WARNING * * *
The grasping roots constrict you.
* * * LOW HITPOINT WARNING * * *
You tentacle-slap Ijyb but do no damage.
You pierce Ijyb.
You squeeze Ijyb.
Ijyb is severely wounded.
You constrict Ijyb.
A scorpion comes into view.
The grasping roots release their grip on you.
You tentacle-slap Ijyb but do no damage.
You pierce Ijyb, but do no damage.
You squeeze Ijyb, but do no damage.
Ijyb is severely wounded.
You constrict Ijyb, but do no damage. Ijyb hits you with a +0 club!
You die...

......# #.# #
#.##.######.# #.
#...........#
.####s###.##.########
.........###.....#
.###..#.## #####.#
.........# .###.#...#
#....@.# #(....g.#
#..<.##.# #.#.# .#
..... .# ..B.. .#
.... .# ... ..


You could see Ijyb, a scorpion and a giant cockroach.

Vanquished Creatures
  A hound (D:2)
  Jessica (D:2)
  An adder (D:2)
  2 worms (D:2)
  An orc (D:2)
  6 bats
  4 endoplasms
  4 giant cockroaches
  4 goblins
  7 hobgoblins
  6 jackals (D:1)
  A quokka (D:1)
  3 frilled lizards
  4 kobolds
  2 rats (D:2)
47 creatures vanquished.

Notes
Turn   | Place    | Note
-------+----------+-------------------------------------------
     0 | D:1      | H0rd4k the Octopode Transmuter began the quest for the Orb.
     0 | D:1      | Reached XP level 1. HP: 13/13 MP: 3/3
    34 | D:1      | Reached XP level 2. HP: 11/18 MP: 5/5
   735 | D:1      | Reached XP level 3. HP: 23/23 MP: 6/6
  1379 | D:2      | Reached skill level 1 in Stealth
  1379 | D:2      | Reached XP level 4. HP: 13/28 MP: 7/7
  1535 | D:2      | Noticed Jessica
  1543 | D:2      | Killed Jessica
  1544 | D:2      | Reached skill level 4 in Unarmed Combat
  1807 | D:2      | Found a faded altar of an unknown god.
  2244 | D:2      | Reached XP level 5. HP: 33/33 MP: 8/8
  2548 | D:3      | Found a glowing drain.
  2587 | D:3      | Noticed Ijyb
  2601 | D:3      | Slain by Ijyb

Illustrated notes

Levels and vault maps discovered:
D:1:      amcnicky_arrival_blooded_trapdoor, layout_loops_ring
D:2:      layout_loops_corners, shapermc_ecumenical_altar_acropolis,
          feat_on_display, uniq_jessica
D:3:      layout_loops_ring, minitemple, gup_sewer_entry_glass, uniq_sigmund,
          uniq_ijyb

Skill      XL: |  1  2  3  4 |
---------------+-------------+-----
Stealth        | 1 2 |  2.6
Unarmed Combat | 4 |  4.1
Fighting       | |  1.0
Dodging        | |  2.9
Spellcasting   | |  2.6
Transmutations | |  2.0

Action                   |  1- 3 |  4- 6 || total
-------------------------+-------+-------++-------
Melee: Unarmed           |    78 |    38 ||   116
       Constrict         |    19 |    10 ||    29
       Tentacles         |    14 |    12 ||    26
       Punch             |     2 |     1 ||     3
       Kick              |       |     9 ||     9
 Cast: Beastly Appendage |       |     3 ||     3
 Stab: Sleeping          |     5 |     2 ||     7
Armor: Skin              |     8 |     1 ||     9
Dodge: Dodged            |    46 |    16 ||    62
